 Dungeon Crawl Stone Soup version 0.22-a0-247-gbddf880 (webtiles) character file.

178401 KarmaPolice the Warrior (level 17, -6/144 HPs)
             Began as a Demonspawn Abyssal Knight on Feb 16, 2018.
             Was the Champion of Lugonu.
             Hit by a steel javelin thrown by a merfolk javelineer (20 damage)
             ... on level 4 of the Shoals on Feb 24, 2018.
             The game lasted 04:32:54 (64320 turns).

KarmaPolice the Warrior (DsAK)                     Turns: 64320, Time: 04:32:55

Health: -6/144     AC: 31    Str: 17    XL:     17   Next: 57%
Magic:  25/27      EV:  9    Int: 15    God:    Lugonu [******]
Gold:   1599       SH:  3    Dex: 14    Spells: 23/23 levels left

rFire    + . .     SeeInvis .   P - +3 battleaxe (elec)
rCold    . . .     Gourm    .   (shield currently unavailable)
rNeg     . . .     Faith    .   T - +7 chain mail "Qemoakoz" {+Inv}
rPois    .         Spirit   .   R - +2 helmet
rElec    .         Reflect  +   a - +0 cloak {MR+}
rCorr    .         Harm     .   (gloves unavailable)
MR       ++...                  k - +2 pair of boots
Stlth    ..........             v - +3 amulet of reflection
HPRegen  0.34/turn              h - +1 ring of evasion
MPRegen  0.20/turn              C - ring of protection from fire

@: mesmerised, very slightly contaminated, invisible, very slow
A: claws 3, thin metallic scales 2, spiny 3
a: Depart the Abyss, Bend Space, Banish, Corrupt, Enter the Abyss, Brand Weapon
With Distortion, Renounce Religion


You were on level 4 of the Shoals.
You worshipped Lugonu.
Lugonu was exalted by your worship.
You were hungry.

You visited 5 branches of the dungeon, and saw 29 of its levels.
You visited the Abyss 1 time.

You collected 2634 gold pieces.
You spent 1035 gold pieces at shops.

Inventory:

Hand Weapons
 b - a +0 blowgun
 P - a +3 battleaxe of electrocution (weapon)
 U - a +1 war axe of flaming
 Z - a +1 demon trident of draining
Missiles
 M - 6 curare-tipped needles
 S - 126 poisoned needles
Armour
 a - a +0 cloak of magic resistance (worn)
 k - a +2 pair of boots (worn)
 y - the +3 leather armour of Nochem {rCorr MP+9 Int-4}
   (You found it on level 2 of the Shoals)

   It affects your intelligence (-4).
   It affects your magic capacity (+9).
   It protects you from acid and corrosion.
 R - a +2 helmet (worn)
 T - the +7 chain mail "Qemoakoz" (worn) {+Inv}
   (You found it on level 4 of the Lair of Beasts)

   It lets you turn invisible.
Jewellery
 h - a +1 ring of evasion (left claw)
 p - an uncursed ring of magical power
 v - a +3 amulet of reflection (around neck)
 C - a ring of protection from fire (right claw)
Wands
 i - a wand of enslavement (13)
 o - a wand of iceblast (1)
 x - a wand of flame (38)
 B - a wand of random effects (2)
 F - a wand of disintegration (14)
 H - a wand of paralysis (19)
 K - a wand of polymorph (81)
Scrolls
 f - 2 scrolls of vulnerability
 g - 3 scrolls of identify
 q - 4 scrolls of fear
 r - 11 scrolls of remove curse
 u - 4 scrolls of fog
 z - 4 scrolls of enchant armour
 A - 3 scrolls of enchant weapon
 L - a scroll of silence
 N - 2 scrolls of amnesia
 O - 2 scrolls of magic mapping
 Q - 5 scrolls of immolation
 W - a scroll of blinking
Potions
 d - a potion of invisibility
 e - 5 potions of lignification
 j - a potion of ambrosia
 l - 2 potions of might
 m - 5 potions of brilliance
 s - 3 potions of magic
 t - 2 potions of agility
 D - a potion of cancellation
 E - a potion of berserk rage
 G - 2 potions of resistance
 I - a potion of haste
 Y - a potion of flight
Miscellaneous
 w - a phantom mirror
 X - a lightning rod (4/4)
Comestibles
 c - 54 rations
 n - 6 chunks of flesh


   Skills:
 + Level 16.0 Fighting
 + Level 14.5(15.4) Axes
   Level 7.7(12.1) Maces & Flails
 - Level 4.7(10.8) Polearms
 - Level 3.0 Throwing
 + Level 12.5 Armour
 - Level 0.8 Dodging
 + Level 3.5 Spellcasting
 - Level 14.4 Invocations
 - Level 10.8 Evocations


You had 23 spell levels left.
You didn't know any spells.

Dungeon Overview and Level Annotations

Branches:
Dungeon (15/15)            Temple (0/1) D:4            Lair (6/6) D:11
 Shoals (4/4) Lair:2        Snake (2/4) Lair:4        Slime (0/5) Lair:6
    Orc (2/2) D:9             Elf (0/3) Orc:2        Vaults (0/5) D:13
 Depths (0/5) D:15

Altars:
Dithmenos
Kikubaaqudgha
Sif Muna
Trog
Uskayaw
Wu Jian
Xom
Yredelemnul
The Shining One
Beogh

Shops:
D:5 }   D:11 [   D:12 *   Orc:2 !%}[   Shoals:1 }[

Portals:
Pandemonium: Orc:2
Trove: D:12 (give +3 gold dragon scales)

Annotations:
D:3 kuniqs's ghost, novice MiFi
Lair:1 exclusion: 4 oklob plants
Lair:2 2 transporters, exclusion: 2 oklob plants
Shoals:4 Ilsuiw
Snake:2 Vashnia


Innate Abilities, Weirdness & Mutations

You have claws for hands.
You are mostly covered in thin metallic scales. (AC +3)
You are completely covered in sharp spines.


Message History

Aim: a snapping turtle (lightly wounded, chance to defeat MR: 56%)
The snapping turtle is charmed.
The merfolk javelineer throws a steel javelin.
The steel javelin hits you.
* * * LOW HITPOINT WARNING * * *
Your snapping turtle closely misses the wind drake.
Unknown command.
Space bends sharply around you!
You blink.
Splash!
You fall into the shallow water.
Moving in this stuff is going to be slow. ...and don't expect to remain undetected.
The merfolk javelineer barely misses you.
Your snapping turtle closely misses the wind drake.
Space bends sharply around you!
The wind drake blinks!
You blink.
Splash!
The merfolk siren chants its luring song.
The merfolk javelineer throws a steel javelin.
The steel javelin hits you!!
You die...

*≈≈≈≈#≈≈:,,#≈.§§(##...≈#.
*≈≈≈≈#≈≈≈≈,#≈.§§§§...≈≈#.
*≈≈≈≈##≈≈≈##§≈.§≈§≈≈.≈≈##
*≈≈≈≈≈##'##§mmt≈≈≈≈≈≈≈≈≈#
*≈≈≈≈≈≈≈≈≈.....≈≈≈≈≈≈≈≈≈≈
*≈≈≈≈≈≈≈≈......≈≈≈≈≈≈≈≈≈≈
*≈≈≈≈≈≈≈≈≈......≈≈k≈≈≈≈≈≈
*≈≈≈≈≈≈≈≈≈≈....≈≈≈≈≈≈≈≈≈≈
*≈≈≈≈≈≈≈@≈≈≈≈≈≈≈≈≈≈≈≈≈≈≈≈
*≈≈≈≈≈≈≈≈≈≈≈≈≈≈≈≈≈≈≈≈≈≈≈≈
*≈≈≈≈≈≈≈≈≈≈≈≈≈≈≈≈≈≈≈≈≈≈≈≈
*≈≈≈≈≈≈≈≈≈≈≈≈≈≈≈≈≈≈≈≈≈≈≈≈
*≈≈≈≈≈≈≈≈≈≈≈≈≈≈≈≈≈≈≈≈≈≈≈≈
*###############*********


You could see a merfolk javelineer, a merfolk siren and a friendly snapping
turtle.

Vanquished Creatures
  Saint Roka (Orc:2)
  Nikola (Shoals:2)
  Jorgrun (Shoals:2)
  A sphinx (shapeshifter) (D:10)
  Aizul (Shoals:2)
  The ghost of Vajrapani the Unseen, a journeyman OpAs of Makhleb (D:13)
  The ghost of KristoblXynda the Fencer, a journeyman DrGl of Gozag (D:14)
  An ettin (D:15)
  Snorg (Orc:2)
  4 merfolk impalers
  Harold (Lair:1)
  2 naga warriors (Snake:1)
  Fannar (Lair:3)
  8 vault guards
  3 merfolk avatars
  An anaconda (Snake:1)
  Erolcha (D:9)
  3 hydras
  3 merfolk aquamancers
  5 centaur warriors
  14 two-headed ogres
  An alligator (Lair:6)
  2 ogre magi
  A satyr (Shoals:2)
  5 tengu warriors
  4 naga sharpshooters
  6 orc high priests
  2 shock serpents
  Urug (D:12)
  A soul eater (Orc:2)
  A salamander mystic (Snake:1)
  A sixfirhy (Orc:2)
  10 sea snakes
  5 unseen horrors
  A gelid demonspawn (Orc:2)
  7 skeletal warriors
  A deep troll (D:15)
  A naga ritualist (Snake:2)
  2 torturous demonspawn
  12 harpies
  7 orc knights
  9 cyclopes
  A salamander (Snake:2)
  11 orc sorcerers
  2 deep elf magi
  13 fauns
  An oklob plant (Lair:2)
  14 ugly things
  4 mana vipers (Snake:1)
  6 manticores
  13 black mambas
  5 merfolk sirens
  5 naga magi (Snake:1)
  Maurice (D:8)
  2 guardian serpents
  2 water nymphs
  19 elephants
  2 torpor snails
  6 gargoyles
  9 spiny frogs
  2 rime drakes
  2 kobold demonologists
  3 komodo dragons
  An ice devil (Orc:2)
  A rime drake (shapeshifter) (D:14)
  A harpy zombie (D:14)
  6 trolls
  19 merfolk
  A red devil (Orc:2)
  3 wind drakes
  A hornet (D:13)
  11 polar bears
  Prince Ribbit (D:5)
  4 blink frogs (Lair:5)
  A raiju (Lair:6)
  8 hippogriffs
  14 dream sheep
  10 snapping turtles
  5 wyverns
  8 water elementals
  36 yaks
  3 basilisks
  2 shadows
  A wraith (D:12)
  2 vampires
  A hog (shapeshifter) (D:14)
  A human (shapeshifter) (D:14)
  6 hungry ghosts
  8 vampire mosquitoes
  12 wargs
  4 nagas
  An acid dragon (D:14)
  11 porcupines
  18 water moccasins
  16 hell hounds (Lair:6)
  2 ice beasts
  14 black bears
  A phantom (D:8)
  5 sky beasts
  18 ogres
  A swamp drake (shapeshifter) (D:15)
  38 orc warriors
  4 boggarts (Lair:5)
  An eye of draining (D:10)
  20 wolves
  20 centaurs
  11 crocodiles
  2 big kobolds
  18 bullfrogs
  A wyvern zombie (D:12)
  9 scorpions
  A killer bee (D:10)
  12 electric eels
  12 wights
  3 howler monkeys
  9 crimson imps
  4 jellies
  3 quasits
  A bullfrog zombie (D:10)
  5 centaur zombies
  9 hounds
  29 orc priests
  2 bullfrog skeletons
  8 centaur skeletons
  4 iguanas
  24 orc wizards
  Ijyb (D:5)
  20 worker ants
  A hound skeleton (D:10)
  A hound zombie (D:10)
  4 worker ant zombies
  A howler monkey skeleton (D:4)
  14 adders
  4 shadow imps
  4 oozes
  2 adder skeletons
  3 worms
  3 dart slugs
  6 leopard geckos
  100 orcs
  9 bats
  5 giant cockroaches
  9 goblins
  15 hobgoblins
  8 jackals
  22 kobolds
  4 quokkas
  A ball python (D:3)
  12 frilled lizards
  A jackal skeleton (D:4)
  A leopard gecko skeleton (D:5)
  A quokka skeleton (D:7)
  6 rats
  3 fungi
  7 plants
1034 creatures vanquished.

Vanquished Creatures (others)
  The ghost of varam the Timeless, a journeyman TrFi of Cheibriados (Lair:2)
  A death knight (D:13)
  A water moccasin (Lair:6)
  A crocodile (Lair:6)
  An orc (Orc:1)
  14 fungi
  15 plants
34 creatures vanquished.

Grand Total: 1068 creatures vanquished

Notes
Turn   | Place    | Note
-------+----------+-------------------------------------------
     0 | Abyss:1  | KarmaPolice the Demonspawn Abyssal Knight began the quest for the Orb.
     0 | Abyss:1  | Reached XP level 1. HP: 18/18 MP: 2/2
    37 | Abyss:1  | Found a blossoming altar of Fedhas.
    44 | Abyss:1  | Noticed a spatial vortex
    57 | Abyss:1  | Noticed an ancient zyme
    59 | Abyss:1  | Noticed a wretched star
    59 | D:1      | Escaped the Abyss
   173 | D:1      | Gained mutation: You have sharp fingernails. [demonic ancestry]
   173 | D:1      | Reached XP level 2. HP: 18/24 MP: 3/3
   292 | D:1      | Reached * piety under Lugonu
   434 | D:1      | Gained mutation: You have very sharp fingernails. [demonic ancestry]
   434 | D:1      | Reached XP level 3. HP: 20/29 MP: 4/4
  1238 | D:2      | Reached ** piety under Lugonu
  1603 | D:2      | Found a faded altar of an unknown god.
  1624 | D:2      | Found a glowing golden altar of the Shining One.
  1658 | D:2      | Found a deep blue altar of Sif Muna.
  1683 | D:2      | Reached XP level 4. HP: 34/37 MP: 5/5
  1695 | D:2      | Found a bloodstained altar of Trog.
  1889 | D:2      | Reached skill level 1 in Throwing
  1984 | D:3      | Noticed a centaur
  2379 | D:2      | Reached skill level 4 in Fighting
  2692 | D:3      | Noticed kuniqs's ghost (novice MiFi)
  2764 | D:2      | Reached XP level 5. HP: 19/42 MP: 6/6
  3700 | D:3      | Killed a centaur
  3929 | D:4      | Found a staircase to the Ecumenical Temple.
  3935 | D:4      | Reached XP level 6. HP: 49/49 MP: 7/7
  4511 | D:3      | Reached skill level 1 in Maces & Flails
  4516 | D:3      | Reached *** piety under Lugonu
  4516 | D:3      | HP: 2/50 [ogre/giant spiked club (29)]
  5042 | D:3      | Reached skill level 5 in Fighting
  5106 | D:4      | Upgraded the game from 0.22-a0-192-g6ffc940 to 0.22-a0-197-g4ac3794
  5106 | D:4      | Reached XP level 7. HP: 53/56 MP: 8/8
  5830 | D:5      | Entered Level 5 of the Dungeon
  5843 | D:5      | Noticed Ijyb
  5854 | D:5      | Killed Ijyb
  5872 | D:5      | Noticed Prince Ribbit
  5891 | D:5      | Killed Prince Ribbit
  6185 | D:5      | Reached skill level 6 in Fighting
  6185 | D:5      | Reached XP level 8. HP: 16/64 MP: 9/9
  6627 | D:5      | Found a shimmering altar of Xom.
  6907 | D:5      | Found Suiheos's Gadget Boutique.
  8179 | D:6      | Found a basalt altar of Yredelemnul.
  8528 | D:7      | Reached skill level 7 in Fighting
  9103 | D:7      | Found an ancient bone altar of Kikubaaqudgha.
 10299 | D:7      | Gained mutation: You have claws for hands. [demonic ancestry]
 10299 | D:7      | Reached XP level 9. HP: 69/72 MP: 12/12
 10315 | D:7      | Reached skill level 5 in Maces & Flails
 10685 | D:8      | Found a hide-covered altar of Uskayaw.
 10701 | D:8      | Reached skill level 5 in Evocations
 10705 | D:8      | Noticed Maurice
 10726 | D:8      | Killed Maurice
 10772 | D:8      | Reached skill level 8 in Fighting
 10818 | D:8      | Noticed a two-headed ogre
 10863 | D:8      | Killed a two-headed ogre
 11187 | D:8      | Reached **** piety under Lugonu
 11256 | D:8      | Paralysed by a wight for 4 turns
 11267 | D:8      | Paralysed by a wight for 5 turns
 12171 | D:9      | Reached XP level 10. HP: 71/82 MP: 15/15
 12746 | D:9      | Reached skill level 9 in Fighting
 13008 | D:9      | Noticed a two-headed ogre
 13031 | D:9      | Killed a two-headed ogre
 13348 | D:9      | Reached ***** piety under Lugonu
 13575 | D:9      | Reached skill level 5 in Axes
 13760 | D:9      | HP: 1/83 [warg (8)]
 14086 | D:9      | Found a staircase to the Orcish Mines.
 14238 | D:10     | Entered Level 10 of the Dungeon
 14248 | D:10     | Noticed a two-headed ogre
 14267 | D:10     | Killed a two-headed ogre
 15430 | D:10     | Noticed a gargoyle
 15431 | D:10     | Killed a gargoyle
 15431 | D:10     | Reached skill level 5 in Invocations
 15431 | D:10     | Reached XP level 11. HP: 89/89 MP: 17/17
 15661 | D:10     | Noticed a purple ugly thing
 15685 | D:10     | Killed a purple ugly thing
 15695 | D:10     | Noticed a two-headed ogre
 15729 | D:10     | Killed a two-headed ogre
 16417 | D:10     | Reached skill level 5 in Armour
 16701 | D:10     | Noticed a centaur warrior
 16707 | D:10     | HP: 3/89 [centaur warrior/arrow (6)]
 17481 | D:11     | Found a staircase to the Lair.
 18731 | D:11     | Killed an unseen horror
 19067 | D:11     | Found Cacur's Armour Emporium.
 19474 | D:11     | Noticed a red ugly thing
 19488 | D:11     | Killed a red ugly thing
 19896 | Lair:1   | Entered Level 1 of the Lair of Beasts
 19981 | Lair:1   | Upgraded the game from 0.22-a0-197-g4ac3794 to 0.22-a0-223-g0f5d773
 20141 | Lair:1   | Noticed Harold
 20167 | Lair:1   | Killed Harold
 20230 | Lair:1   | Noticed an oklob plant
 20230 | Lair:1   | Noticed an oklob plant
 20230 | Lair:1   | Noticed an oklob plant
 20539 | D:11     | Gained mutation: You are partially covered in sharp spines. [demonic ancestry]
 20539 | D:11     | Reached XP level 12. HP: 39/95 MP: 19/19
 21450 | Lair:2   | Noticed varam's ghost (journeyman TrFi)
 21955 | Orc:1    | Entered Level 1 of the Orcish Mines
 21955 | Orc:1    | Noticed an orc high priest
 21957 | Orc:1    | Noticed Erolcha
 22076 | D:10     | Reached skill level 10 in Evocations
 22277 | D:10     | Killed a centaur warrior
 22302 | D:10     | Noticed an iron giant
 23421 | D:12     | Found Goas's General Store.
 23438 | D:12     | Reached skill level 10 in Fighting
 23509 | D:12     | Noticed Urug
 23540 | D:12     | Killed Urug
 24367 | D:12     | Found a portal to a secret trove of treasure.
 25009 | D:13     | Noticed Vajrapani's ghost (journeyman OpAs)
 25013 | D:13     | Reached skill level 10 in Invocations
 25038 | D:13     | Killed Vajrapani's ghost
 25184 | D:13     | Noticed a death knight
 25191 | D:13     | Banished a death knight
 25956 | D:13     | Gained mutation: You are partially covered in thin metallic scales. (AC +2) [demonic ancestry]
 25956 | D:13     | Reached XP level 13. HP: 104/104 MP: 21/21
 26582 | D:13     | Found a gate to the Vaults.
 26684 | D:13     | Reached skill level 11 in Fighting
 27471 | D:13     | Found a glowing golden altar of the Shining One.
 27644 | D:14     | Noticed KristoblXynda's ghost (journeyman DrGl)
 28964 | Lair:3   | Reached skill level 10 in Axes
 29091 | Lair:3   | Noticed Fannar
 29119 | Lair:3   | Killed Fannar
 30309 | Lair:2   | Found a transporter.
 30342 | Lair:2   | Found a transporter.
 30379 | Lair:2   | Banished varam's ghost
 30932 | Lair:2   | Found a staircase to the Shoals.
 31927 | Lair:4   | Got an iridescent great sword
 31956 | Lair:3   | Gained mutation: You are mostly covered in sharp spines. [demonic ancestry]
 31956 | Lair:3   | Reached XP level 14. HP: 92/114 MP: 23/23
 32324 | Lair:4   | Reached skill level 12 in Fighting
 32694 | Lair:4   | Identified the cursed +0 great sword of Honour {venom, +Blink +Fly rC+++ Str-5} (You found it on level 4 of the Lair of Beasts)
 32857 | Lair:4   | Got an obsidian-studded chain mail
 32868 | Lair:4   | Identified the +7 chain mail "Qemoakoz" {+Inv} (You found it on level 4 of the Lair of Beasts)
 32884 | Lair:4   | Found a staircase to the Snake Pit.
 33031 | Lair:4   | Reached ****** piety under Lugonu
 35556 | Lair:6   | Entered Level 6 of the Lair of Beasts
 36141 | Lair:6   | Found a staircase to the Slime Pits.
 38482 | Lair:6   | Reached skill level 13 in Fighting
 38959 | D:9      | Killed Erolcha
 39319 | Orc:1    | Gained mutation: You are completely covered in sharp spines. [demonic ancestry]
 39319 | Orc:1    | Reached XP level 15. HP: 98/123 MP: 25/25
 39424 | Orc:2    | Entered Level 2 of the Orcish Mines
 39690 | Orc:2    | Paralysed by an orc sorcerer for 5 turns
 40838 | Orc:2    | Noticed Saint Roka
 40957 | Orc:1    | Paralysed by an orc sorcerer for 5 turns
 41373 | Orc:1    | Found a roughly hewn altar of Beogh.
 42700 | Orc:2    | Killed Saint Roka
 43366 | Orc:2    | Found a staircase to the Elven Halls.
 43698 | Orc:2    | Noticed Snorg
 43746 | Orc:2    | Killed Snorg
 43902 | Orc:2    | Found Deonov's Distillery.
 44035 | Orc:2    | Found Puohiutu's Food Emporium.
 44291 | Orc:2    | Found a one-way gate leading to the halls of Pandemonium.
 44291 | Orc:2    | Found Xist's Antique Armour Shop.
 44291 | Orc:2    | Found Wyceqar's Gadget Boutique.
 44923 | Orc:2    | Paralysed by an orc sorcerer for 5 turns
 45432 | Orc:2    | Reached skill level 10 in Armour
 45701 | Orc:2    | Reached skill level 14 in Fighting
 46071 | Orc:2    | Reached skill level 1 in Polearms
 46106 | Orc:2    | Bought an embroidered cloak for 150 gold pieces
 46154 | Orc:2    | Bought a potion of ambrosia for 104 gold pieces
 46154 | Orc:2    | Bought a potion of degeneration for 13 gold pieces
 46154 | Orc:2    | Bought 2 potions of heal wounds for 130 gold pieces
 46154 | Orc:2    | Bought a potion of heal wounds for 65 gold pieces
 46156 | Orc:2    | Bought a potion of curing for 39 gold pieces
 46156 | Orc:2    | Bought a potion of curing for 39 gold pieces
 46285 | D:10     | Noticed a sphinx
 46290 | D:10     | Killed a sphinx
 46498 | D:10     | Got a dazzling dagger
 46498 | D:10     | Got a brightly glowing scale mail
 46504 | D:10     | Identified the +0 scale mail of the Distant Future {+Fly Regen+} (You found it on level 10 of the Dungeon)
 46515 | D:10     | Identified the +10 dagger of the Old World {pierce, +Fly rC+} (You found it on level 10 of the Dungeon)
 46770 | D:14     | Found an ornate altar of the Wu Jian Council.
 46895 | D:14     | Got a wavering silver ring
 46917 | D:14     | Identified the ring "Jausairch" {rN+ Str-4 Int+3} (You found it on level 14 of the Dungeon)
 47224 | D:14     | Found a shadowy altar of Dithmenos.
 48002 | D:14     | Reached XP level 16. HP: 133/133 MP: 26/26
 48231 | D:15     | Entered Level 15 of the Dungeon
 48246 | D:14     | Upgraded the game from 0.22-a0-223-g0f5d773 to 0.22-a0-224-g8cf3520
 48268 | D:14     | Killed KristoblXynda's ghost
 50647 | D:15     | Found a staircase to the Depths.
 51111 | Shoals:1 | Entered Level 1 of the Shoals
 51730 | Shoals:1 | Found Roreth's Antique Armour Shoppe.
 52179 | Shoals:1 | Reached skill level 15 in Fighting
 52504 | D:5      | Bought a wand of enslavement (18) for 220 gold pieces
 52504 | D:5      | Bought a wand of flame (20) for 121 gold pieces
 52504 | D:5      | Bought a wand of flame (26) for 154 gold pieces
 52927 | Shoals:1 | Found Mone Iss's Gadget Boutique.
 53399 | Shoals:2 | Noticed Aizul
 53421 | Shoals:2 | Killed Aizul
 53921 | Shoals:2 | Noticed Nikola
 53955 | Shoals:2 | Killed Nikola
 54483 | Shoals:2 | Got a distressingly furry leather armour
 54491 | Shoals:2 | Identified the +3 leather armour of Nochem {rCorr MP+9 Int-4} (You found it on level 2 of the Shoals)
 54627 | Shoals:2 | You fall through a shaft!
 54653 | Shoals:3 | Upgraded the game from 0.22-a0-224-g8cf3520 to 0.22-a0-247-gbddf880
 54921 | Shoals:2 | HP: 2/136 [wind drake/the air (5)]
 55348 | Shoals:2 | Noticed Jorgrun
 55373 | Shoals:2 | Killed Jorgrun
 55373 | Shoals:2 | Gained mutation: You are mostly covered in thin metallic scales. (AC +3) [demonic ancestry]
 55373 | Shoals:2 | Reached XP level 17. HP: 93/142 MP: 27/27
 56427 | Snake:1  | Entered Level 1 of the Snake Pit
 57246 | Snake:1  | Reached skill level 1 in Spellcasting
 60188 | Snake:2  | Noticed Vashnia
 62458 | Shoals:4 | Entered Level 4 of the Shoals
 63071 | Shoals:4 | Noticed Ilsuiw
 64316 | Shoals:4 | Reached skill level 16 in Fighting
 64320 | Shoals:4 | Hit by a steel javelin thrown by a merfolk javelineer

Vault maps used:
D:1:      matt_arrival_diagonals
D:2:      old_standard_altar, led_sif_pool, chequers_ecumenical_altar_simple,
          first_ration, trog_three_pillars_becter
D:4:      minmay_temple_entry_trees, minmay_misc_feat_more_columns
D:5:      lemuel_upstairs_altar, serial_shops, shop, tgw_xom,
          uniq_prince_ribbit1, uniq_ijyb
D:6:      lemuel_doored_altar
D:7:      kennysheep_little_box, water_boxes_lemuel
D:8:      nicolae_overflow_hidden_temple, uniq_maurice
D:9:      minmay_orc_entry_guard_dogs
D:10:     minmay_the_grid_triangle_9x9_rhombus_full, hangedman_fish_farm
D:11:     grunt_lair_entry_orc_guard_hut, serial_shops, shop, evilmike_butchery
D:12:     serial_shops, nicolae_shop_trees, enter_trove_0,
          roderic_roman_lattice, roderic_st_hans_cross,
          minmay_misc_feat_nine_boxes, uniq_urug
D:13:     erik_vaults_2, basic_altar
D:14:     kennysheep_six_static_rooms, nicolae_dithmenos_through_a_glass_darkly,
          basic_altar, st_stairs_14
D:15:     hangedman_depths_entry_civil_slaughter
Lair:1:   dpeg_oklob_gauntlet, grunt_megastairs_4, uniq_harold
Lair:2:   gammafunk_cloud_chamber, elwin_shoals_entry_rooms,
          minmay_lair_oklob_chamber, serial_bayou_shore_a
Lair:3:   serial_bayou_pond_b, lemuel_fruit_fields, uniq_fannar
Lair:4:   minmay_snake_entry_spellcaster
Lair:5:   kilobyte_rumbling_trees, grunt_megastairs_2
Lair:6:   hangedman_lair_caniforms_friends, nicolae_slime_entry_slimehenge,
          minmay_stone_trees_medium, grunt_megastairs_5
Shoals:1: serial_shops, shop, shop
Shoals:2: nicolae_shoals_arrival_archipelago, uniq_aizul, uniq_nikola,
          uniq_jorgrun
Shoals:4: shoals_end_simple, shoal_ilsuiw, yaktaur_hedge, uniq_donald
Snake:1:  nicolae_snake_shapes
Snake:2:  cheibrodos_toxic_ritual, spider_trap, grunt_ministairs_9,
          nicolae_snake_salamander_stairs, uniq_frances, uniq_vashnia
Orc:1:    basic_altar, uniq_erolcha
Orc:2:    pf_orc_diabolical, uniq_saint_roka, uniq_snorg

Skill      XL: |  1  2  3  4  5  6  7  8  9 10 11 12 13 14 15 16 17 |
---------------+----------------------------------------------------+-----
Axes           | 2 3 4 5 7 9 10 11 12 14 | 14.5
Armour         | 2 3 4 5 6 8 10 11 12 | 12.5
Throwing       | 1 3 |  3.0
Fighting       | 4 5 6 7 8 9 10 11 13 14 15 16 | 16.0
Maces & Flails | 1 3 4 6 7 |  7.7
Evocations     | 2 4 6 8 9 10 | 10.8
Invocations    | 5 7 11 13 14 | 14.4
Polearms       | 2 4 |  4.7
Spellcasting   | 3 |  3.5
Dodging        | |  0.8

Action                   |  1- 3 |  4- 6 |  7- 9 | 10-12 | 13-15 | 16-18 || total
-------------------------+-------+-------+-------+-------+-------+-------++-------
Melee: Hand axe          |   186 |    66 |       |       |       |       ||   252
       Mace              |       |    94 |   407 |   779 |    86 |       ||  1366
       War axe           |       |       |       |   195 |   231 |       ||   426
       Battleaxe         |       |       |       |       |  1021 |   663 ||  1684
       Demon trident     |       |       |       |       |   145 |    28 ||   173
 Fire: Blowgun           |       |       |       |    23 |   109 |    40 ||   172
Invok: Depart the Abyss  |     1 |       |       |       |       |       ||     1
       Bend Space        |       |       |       |     7 |    35 |    14 ||    56
       Banish            |       |       |       |     3 |     2 |       ||     5
 Abil: Evoke Invisibilit |       |       |       |       |     2 |     1 ||     3
Evoke: Wand              |       |       |    17 |    72 |    79 |    63 ||   231
  Use: Potion            |       |     7 |     1 |     2 |     6 |    16 ||    32
       Scroll            |       |     6 |     2 |     9 |    11 |    13 ||    41
 Stab: Sleeping          |       |     1 |       |       |       |       ||     1
       Paralysed         |       |       |    16 |    99 |    60 |     7 ||   182
       Distracted        |       |       |       |     3 |       |       ||     3
       Invisible         |       |       |       |       |     1 |       ||     1
  Eat: Chunk             |     2 |    10 |    11 |    35 |    53 |    32 ||   143
       Ration            |       |       |     5 |     6 |     6 |     6 ||    23
Armor: Leather armour    |    57 |    78 |   113 |   248 |       |    46 ||   542
       Ring mail         |       |       |       |   107 |   147 |       ||   254
       Chain mail        |       |       |       |       |   919 |   502 ||  1421
Dodge: Dodged            |   118 |   138 |   230 |   454 |   557 |   289 ||  1786
Block: Other             |       |       |    48 |    84 |   165 |    80 ||   377
       Reflection        |       |       |       |     1 |     1 |    12 ||    14

Table legend:
 A = Spawn XP
 B = Non-spawn XP
 C = Spawn XP percentage of total XP
 D = Spawn monster count
 E = Non-spawn monster count
 F = Spawn count percentage of total count
 G = Total turns spent on level
                    A         B        C        D         E        F      G
               +---------+---------+-------+---------+---------+-------+---------
         Total |       0 |  258504 |   0.0 |       0 |    1027 |   0.0 | 64320
               +---------+---------+-------+---------+---------+-------+---------
           D:1 |       0 |      62 |   0.0 |       0 |      34 |   0.0 |   909
           D:2 |       0 |     160 |   0.0 |       0 |      29 |   0.0 |  2510
           D:3 |       0 |     423 |   0.0 |       0 |      29 |   0.0 |  1467
           D:4 |       0 |     323 |   0.0 |       0 |      14 |   0.0 |   885
           D:5 |       0 |     662 |   0.0 |       0 |      18 |   0.0 |  1537
           D:6 |       0 |     346 |   0.0 |       0 |      12 |   0.0 |  1051
           D:7 |       0 |     934 |   0.0 |       0 |      15 |   0.0 |  2426
           D:8 |       0 |    2504 |   0.0 |       0 |      32 |   0.0 |  1664
           D:9 |       0 |    4617 |   0.0 |       0 |      45 |   0.0 |  2874
          D:10 |       0 |   10163 |   0.0 |       0 |      48 |   0.0 |  4729
          D:11 |       0 |    8101 |   0.0 |       0 |      47 |   0.0 |  3344
          D:12 |       0 |    8509 |   0.0 |       0 |      43 |   0.0 |  2770
          D:13 |       0 |   16241 |   0.0 |       0 |      38 |   0.0 |  2829
          D:14 |       0 |   20085 |   0.0 |       0 |      60 |   0.0 |  2046
          D:15 |       0 |   18451 |   0.0 |       0 |      45 |   0.0 |  1570
        Lair:1 |       0 |    3360 |   0.0 |       0 |       8 |   0.0 |  1677
        Lair:2 |       0 |    4762 |   0.0 |       0 |      24 |   0.0 |  1994
        Lair:3 |       0 |    5944 |   0.0 |       0 |      28 |   0.0 |  1779
        Lair:4 |       0 |    7353 |   0.0 |       0 |      29 |   0.0 |  2517
        Lair:5 |       0 |   13045 |   0.0 |       0 |      44 |   0.0 |  1349
        Lair:6 |       0 |   16140 |   0.0 |       0 |      85 |   0.0 |  3067
      Shoals:1 |       0 |   18035 |   0.0 |       0 |      37 |   0.0 |  1677
      Shoals:2 |       0 |   16412 |   0.0 |       0 |      19 |   0.0 |  2158
      Shoals:3 |       0 |   12075 |   0.0 |       0 |      27 |   0.0 |  2490
      Shoals:4 |       0 |   12090 |   0.0 |       0 |      25 |   0.0 |   462
       Snake:1 |       0 |   14701 |   0.0 |       0 |      27 |   0.0 |  4813
       Snake:2 |       0 |    5704 |   0.0 |       0 |      10 |   0.0 |   993
         Orc:1 |       0 |    8894 |   0.0 |       0 |      47 |   0.0 |  2819
         Orc:2 |       0 |   28408 |   0.0 |       0 |     108 |   0.0 |  3855
               +---------+---------+-------+---------+---------+-------+---------
